 Dungeon Crawl Stone Soup version 0.30-a0-297-g0ec75d9ef4 (webtiles) character file.

Game seed: 8995523679331389698

8716 IdlyInterested the Fighter (level 11, -4/96 HPs)
             Began as a Demonspawn Wanderer on Oct 18, 2022.
             Drowned by a water nymph (10 damage)
             ... on level 10 of the Dungeon.
             The game lasted 00:41:53 (8855 turns).

IdlyInterested the Fighter (Demonspawn Wanderer)    Turns: 8855, Time: 00:41:54

Health: -4/96      AC: 25    Str: 14    XL:     11   Next: 13%
Magic:  0/14       EV:  7    Int: 14    God:
Gold:   228        SH:  0    Dex: 21    Spells: 13/14 levels left

rFire   . . .      SeeInvis .    g - +3 scythe
rCold   + . .      Faith    .    (shield currently unavailable)
rNeg    . . .      Spirit   +    z - +5 chain mail of True Grit {rC+}
rPois   .          Reflect  .    (no helmet)
rElec   .          Harm     .    j - scarf {repulsion}
rCorr   .          Rampage  .    D - +2 pair of gloves
Will    .....                    (boots unavailable)
Stlth   +.........               s - amulet of regeneration
HPRegen 1.16/turn                m - +6 ring of dexterity
MPRegen 0.28/turn                Q - ring of wizardry

@: sanguine armoured, repel missiles, very slow
A: hooves 3, magic shield, magic regeneration, sanguine armour 2
a: no special abilities


You were on level 10 of the Dungeon.
You visited 2 branches of the dungeon, and saw 11 of its levels.

You collected 491 gold pieces.
You spent 263 gold pieces at shops.

Inventory:

Hand Weapons
 g - a +3 scythe (weapon)
 M - a +2 trident
 P - a +0 glaive
 U - a +1 trident of flaming
Missiles
 c - a throwing net
 v - 4 boomerangs
 y - 37 poisoned darts
 N - 6 atropa-tipped darts
 O - 2 curare-tipped darts
 R - 3 silver boomerangs
Armour
 h - a +0 cloak
 j - a scarf of repulsion (worn)
 n - a +1 robe of positive energy
 z - the +5 chain mail of True Grit (worn) {rC+}
   (You found it on level 4 of the Dungeon)

   rC:        It protects you from cold.
 D - a +2 pair of gloves (worn)
 H - +0 steam dragon scales
 K - the +1 robe "Rijagh Kiut" {-Tele Harm Will- Slay+4}
   (You found it on level 6 of the Dungeon)

   Slay:      It affects your accuracy & damage with ranged weapons and melee
   (+4).
   -Tele:     It prevents most forms of teleportation.
   Harm:      It increases damage dealt and taken.
   Will:      It decreases your willpower.
Magical Staves
 p - a staff of air
 B - a staff of conjuration
Jewellery
 m - a +6 ring of dexterity (left hand)
 s - an amulet of regeneration (around neck)
 Q - a ring of wizardry (right hand)
Wands
 b - a wand of polymorph (9)
 f - a wand of acid (8)
 G - a wand of mindburst (14)
Scrolls
 i - a scroll of enchant armour
 k - 5 scrolls of identify
 q - a scroll of poison
 w - 4 scrolls of teleportation
 x - 2 scrolls of blinking
 F - 4 scrolls of magic mapping
 L - a scroll of torment
 T - a scroll of vulnerability {unknown}
Potions
 a - a potion of berserk rage
 d - a potion of flight
 e - 3 potions of magic
 l - a potion of attraction
 t - a potion of curing
 A - a potion of cancellation
 C - 2 potions of lignification
 E - a potion of mutation
 J - 2 potions of brilliance


   Skills:
 * Level 12.3 Fighting
 + Level 9.3 Polearms
 - Level 2.0 Armour
 - Level 2.0 Dodging
 + Level 7.5 Stealth
 - Level 2.0 Spellcasting
 - Level 1.0 Fire Magic
 - Level 2.0 Evocations


You had 13 spell levels left.
You knew the following spells:

 Your Spells              Type           Power      Damage    Failure   Level
a - Foxfire               Conj/Fire      8%         2x1d4     86%         1

Your spell library contained the following spells:

 Spells                   Type           Power      Damage    Failure   Level
 Summon Small Mammal      Summ           4%         N/A       91%         1
 Call Canine Familiar     Summ           1%         N/A       99%         3
 Ignite Poison            Fire/Tmut/Pois 2%         N/A       99%         3
 Summon Guardian Golem    Hex/Summ       1%         N/A       99%         3


Dungeon Overview and Level Annotations

Branches:
Dungeon (10/15)            Temple (1/1) D:6            Lair (0/5) D:8
    Orc: D:9-12

Altars:
Cheibriados
Gozag
Hepliaklqana
Kikubaaqudgha
Makhleb
Nemelex Xobeh
Okawaru
Qazlal
Sif Muna
Trog
Uskayaw
Vehumet
Xom
Yredelemnul

Shops:
D:3 *   D:5 ?   D:8 *


Innate Abilities, Weirdness & Mutations

You have hooves in place of feet.
When hurt, damage is shared between your health and your magic reserves.
You regenerate magic rapidly.
When seriously injured, your blood forms thick armour. (AC +9)


Message History

Press: ? - help, Shift-Dir - straight line, f - two-headed ogre
Aim: a two-headed ogre, wielding two +0 giant clubs (will become a water nymph, a torpor snail, or a swamp dragon, chance to affect: 37%)
The two-headed ogre evaporates and reforms as a water nymph!
You closely miss the water nymph. The water nymph barely misses you.
You closely miss the water nymph. You kick the water nymph!
The water nymph is moderately wounded.
The water nymph touches you! The water nymph drowns you!
You miss the water nymph. Your kick misses the water nymph.
The water nymph is moderately wounded.
The water nymph touches you. The water nymph drowns you!
You barely miss the water nymph. Your kick misses the water nymph.
The water nymph is moderately wounded.
The water nymph barely misses you.
The water nymph's watery aura covers the stone staircase leading up.
Splash!
You fall into the shallow water.
Moving in this stuff is going to be slow.
You hit the water nymph.
The water nymph is heavily wounded.
The water nymph casts a spell at you. The water swirls and strikes you!!
Your blood congeals into armour.
You closely miss the water nymph.
The water nymph is moderately wounded.
The water nymph casts a spell at you. The water swirls and strikes you!!!
Your unstable footing causes you to fumble your attack.
The water nymph touches you. The water nymph drowns you!
* * * LOW HITPOINT WARNING * * *
The water nymph touches you. The water nymph drowns you!
* * * LOW HITPOINT WARNING * * *
Unknown command.
The water nymph attacks as you move away!
The water nymph touches you. The water nymph drowns you!
* * * LOW HITPOINT WARNING * * *
Splash!
You fall into the shallow water.
Moving in this stuff is going to be slow.
The water nymph attacks as you move away!
The water nymph touches you. The water nymph drowns you!
You die...

#.# ... #.#
#.##
#######.#
....
.......<#
...
....##### #
#.# #
#.###.##
#...~~~#
#...@m)#
.......~~~#
..###.....#
#......#
#.##>### #.
#.. # ..#
###


You could see a water nymph.

Vanquished Creatures
  5 death yaks (D:8)
  Joseph (D:8)
  A troll (D:9)
  A hornet (D:9)
  Prince Ribbit (D:9)
  Sigmund (D:3)
  4 wyverns
  2 yaks (D:8)
  A steam dragon (D:8)
  A water moccasin (D:4)
  2 orc warriors
  2 sky beasts
  3 ice beasts
  2 black bears
  An ogre (D:7)
  6 kobold brigands
  3 bullfrogs
  2 necrophages
  2 scorpions (D:5)
  2 gnoll sergeants
  13 wights
  4 howler monkeys (D:9)
  3 hounds
  Crazy Yiuf (D:2)
  3 orc priests
  A gnoll bouda (D:8)
  3 jellies
  Jessica (D:3)
  3 orc wizards
  5 iguanas
  15 gnolls
  11 adders
  A white imp (D:7)
  3 ufetubi
  A worm (D:2)
  33 orcs
  9 endoplasms
  6 giant cockroaches
  6 goblins
  4 hobgoblins
  6 jackals
  36 kobolds
  4 quokkas
  3 ball pythons
  4 bats
  2 frilled lizards
  3 rats
  2 butterflies (D:6)
229 creatures vanquished.

Vanquished Creatures (others)
  An orc wizard (D:3)
  45 foxfires
  22 fungi (D:4)
68 creatures vanquished.

Grand Total: 297 creatures vanquished

Notes
Turn   | Place    | Note
-------+----------+-------------------------------------------
     0 | D:1      | IdlyInterested the Demonspawn Wanderer began the quest for
                  | the Orb.
     0 | D:1      | IdlyInterested set off with the following items: a +2
                  | spear, a +0 pair of gloves, a potion of curing, a +0 robe;
                  | and the following spell memorised: Foxfire; and the
                  | following spells available to memorise: Ignite Poison.
     0 | D:1      | Reached XP level 1. HP: 13/13 MP: 2/2
   233 | D:1      | Reached skill level 1 in Fighting
   291 | D:1      | Gained mutation: When seriously injured, your blood forms
                  | armour. (AC +9) [demonic ancestry]
   291 | D:1      | Reached XP level 2. HP: 21/21 MP: 3/3
   886 | D:2      | Reached XP level 3. HP: 26/27 MP: 4/4
   895 | D:2      | Found a faded altar of an unknown god.
   903 | D:2      | Got Plato's Volume of Confrontation
  1002 | D:2      | Reached skill level 2 in Fighting
  1227 | D:2      | Found a runed translucent door.
  1228 | D:2      | Noticed Crazy Yiuf
  1299 | D:2      | Gained mutation: You regenerate magic rapidly. [demonic
                  | ancestry]
  1299 | D:2      | Reached XP level 4. HP: 11/34 MP: 5/5
  1304 | D:2      | HP: 1/34 [gnoll/+0 flail (2)]
  1481 | D:2      | Reached skill level 3 in Fighting
  1481 | D:2      | Reached skill level 5 in Polearms
  1730 | D:2      | Killed Crazy Yiuf
  1731 | D:2      | Gained mutation: You have large cloven feet. [demonic
                  | ancestry]
  1731 | D:2      | Reached XP level 5. HP: 5/41 MP: 6/6
  1950 | D:3      | Found Xotrirub's General Store.
  1970 | D:3      | Noticed Sigmund
  1991 | D:3      | Killed Sigmund
  1992 | D:3      | Reached skill level 4 in Fighting
  1992 | D:3      | Gained mutation: When seriously injured, your blood forms
                  | thick armour. (AC +9) [demonic ancestry]
  1992 | D:3      | Reached XP level 6. HP: 24/48 MP: 7/7
  2099 | D:3      | Noticed Jessica
  2148 | D:3      | Killed Jessica
  2820 | D:3      | Bought a scroll of blinking for 82 gold pieces
  2820 | D:3      | Bought a potion of degeneration for 11 gold pieces
  3018 | D:4      | Reached skill level 5 in Fighting
  3038 | D:4      | Gained mutation: You have hoof-like feet. [demonic
                  | ancestry]
  3038 | D:4      | Reached XP level 7. HP: 49/56 MP: 4/8
  3190 | D:4      | Identified the +5 chain mail of True Grit {rC+}
  3773 | D:4      | Reached skill level 1 in Dodging
  3943 | D:5      | Entered Level 5 of the Dungeon
  4016 | D:5      | Reached skill level 6 in Fighting
  4156 | D:5      | Gained mutation: When hurt, damage is shared between your
                  | health and your magic reserves. [demonic ancestry]
  4156 | D:5      | Reached XP level 8. HP: 49/65 MP: 9/9
  4304 | D:5      | Reached skill level 1 in Armour
  4375 | D:5      | Reached skill level 7 in Fighting
  4565 | D:5      | Found Petzoviv's Magic Scroll Emporium.
  4627 | D:3      | Bought a potion of brilliance for 44 gold pieces
  5101 | D:6      | Identified the +1 robe "Rijagh Kiut" {-Tele Harm Will-
                  | Slay+4}
  5174 | D:6      | Found a stormy altar of Qazlal.
  5184 | D:6      | Found a shimmering altar of Xom.
  5314 | D:6      | Reached skill level 8 in Fighting
  5456 | D:6      | Found a staircase to the Ecumenical Temple.
  5476 | Temple   | Entered the Ecumenical Temple
  6141 | D:5      | Bought a scroll of identify for 22 gold pieces
  6141 | D:5      | Bought a scroll of torment for 104 gold pieces
  6368 | D:7      | Gained mutation: You have hooves in place of feet. [demonic
                  | ancestry]
  6368 | D:7      | Reached XP level 9. HP: 73/73 MP: 9/12
  6437 | D:7      | Reached skill level 9 in Fighting
  6859 | D:8      | Reached skill level 5 in Stealth
  6898 | D:8      | Found an opulent altar of Gozag.
  7191 | D:8      | Noticed a death yak
  7209 | D:8      | Killed a death yak
  7210 | D:8      | Reached skill level 10 in Fighting
  7210 | D:8      | Reached XP level 10. HP: 60/86 MP: 9/13
  7235 | D:8      | Found a staircase to the Lair.
  7236 | D:8      | Noticed a death yak
  7236 | D:8      | Noticed a death yak
  7236 | D:8      | Noticed a death yak
  7236 | D:8      | Noticed Joseph
  7236 | D:8      | Noticed a death yak
  7262 | D:8      | Killed a death yak
  7279 | D:8      | Killed Joseph
  7291 | D:8      | Killed a death yak
  7292 | D:8      | Reached skill level 11 in Fighting
  7306 | D:8      | Killed a death yak
  7334 | D:8      | Killed a death yak
  7565 | D:8      | Found Ryup's Neck Hole.
  7631 | D:8      | Found an iron altar of Okawaru.
  7874 | D:9      | Noticed Prince Ribbit
  7875 | D:9      | Paralysed by a hornet for 3 turns
  7885 | D:9      | Reached skill level 12 in Fighting
  7941 | D:9      | Reached XP level 11. HP: 17/95 MP: 3/14
  8021 | D:9      | Killed Prince Ribbit
  8771 | D:10     | Entered Level 10 of the Dungeon
  8845 | D:10     | Noticed a two-headed ogre
  8846 | D:10     | a two-headed ogre changed into a water nymph
  8854 | D:10     | HP: 4/96 [drowned by a water nymph (11)]
  8855 | D:10     | Drowned by a water nymph

Illustrated notes

Levels and vault maps discovered:
D:1:      minmay_arrival_stone_box, layout_basic
D:2:      layout_loops_ring, shapermc_ecumenical_altar_rom_forum,
          uniq_crazy_yiuf_cottage
D:3:      layout_basic, serial_shops, shop, minmay_pentangle, uniq_jessica,
          uniq_sigmund
D:4:      layout_basic, serial_aquarium, aquarium_bridge_square
          [aquarium_subvault_bridge, aquarium_subvault_bridge,
          aquarium_subvault_balcony, aquarium_subvault_window],
          aquarium_bridge_island_large [aquarium_subvault_large_1_pool,
          aquarium_subvault_bridge, aquarium_subvault_bridge,
          aquarium_subvault_wall, aquarium_subvault_balcony],
          aquarium_window_corridor_1, aquarium_window_corner, aquarium_view_4,
          aquarium_balcony_double_1, aquarium_pool_corner,
          kennysheep_generic_room_9
D:5:      layout_rooms, amcnicky_altar_gilded, serial_shops, shop_statue,
          hangedman_abyss_or_decor_lesser_grid
D:6:      layout_loops_corners, minitemple, minmay_temple_entry_butterflies,
          mrwooster_statue_mirror
D:7:      layout_rooms
D:8:      layout_loops_ring, nicolae_gozag_seed_capital,
          hellmonk_okawaru_the_only_friend_you_need, dpeg_lair_monsters,
          nicolae_shop_sticking_my_neck_out, uniq_joseph
D:9:      layout_irregular_city, hangedman_decor_growths, uniq_prince_ribbit1
D:10:     layout_loops_ring, nicolae_wu_jian_glorious_leap,
          mainiacjoe_overflow_alcove_4, gammafunk_temple_overflow_wave,
          nicolae_ru_great_annihilating_truth, uniq_nergalle
Temple:   nicolae_temple_slightly_damp_pantheon

Skill      XL: |  1  2  3  4  5  6  7  8  9 10 |
---------------+-------------------------------+-----
Fighting       | 1 2 3 4 5 6 8 10 12 | 12.3
Stealth        | 2 3 4 5 7 |  7.5
Polearms       | 5 6 7 8 9 |  9.3
Dodging        | 2 |  2.0
Armour         | 2 |  2.0
Spellcasting   | 2 |  2.0
Evocations     | 2 |  2.0
Fire Magic     | |  1.0

Action                   |  1- 3 |  4- 6 |  7- 9 | 10-12 || total
-------------------------+-------+-------+-------+-------++-------
Melee: Spear             |   139 |   172 |   179 |       ||   490
       Kick              |       |    27 |   127 |   101 ||   255
       Punch             |       |     2 |     6 |     4 ||    12
       Trident           |       |       |   234 |   255 ||   489
       Halberd           |       |       |       |     7 ||     7
Throw: Throwing net      |       |     1 |       |       ||     1
       Dart              |       |       |     1 |     1 ||     2
 Cast: Foxfire           |     3 |    16 |     6 |       ||    25
Evoke: Wand              |       |       |       |     2 ||     2
  Use: Scroll            |     5 |     2 |     6 |     1 ||    14
       Potion            |       |     3 |     1 |     5 ||     9
 Stab: Sleeping          |     1 |    10 |       |       ||    11
       Held in net/web   |       |     1 |       |       ||     1
Armor: Ring mail         |    62 |    26 |       |       ||    88
       Robe              |       |    30 |     1 |       ||    31
       Chain mail        |       |       |   251 |   203 ||   454
Dodge: Dodged            |    47 |    59 |   118 |    89 ||   313

Table legend: (Time is in decaauts)
 A = Elapsed time spent in this place.
 B = Non-inter-level travel time spent in this place.
 C = Inter-level travel time spent in this place.
 D = Time resting spent in this place.
 E = Time spent auto-exploring this place.
 F = Levels seen in this place.
 G = Mean time per level.
                   A        B        C        D        E       F      G
               +--------+--------+--------+--------+--------+-----+--------+
         Total |   8746 |   7575 |   1171 |    596 |   4564 |  11 |  795.1 |
       Dungeon |   8466 |   7378 |   1088 |    596 |   4408 |  10 |  846.6 |
        Temple |    279 |    196 |     83 |      0 |    156 |   1 |  279.0 |
               +--------+--------+--------+--------+--------+-----+--------+

Top non-repeatable levels by time:
     D:2: 1253 daAuts
     D:4: 1190 daAuts
     D:6: 1106 daAuts
     D:8: 1059 daAuts
     D:3: 960 daAuts
     D:9: 866 daAuts
     D:5: 747 daAuts
     D:1: 701 daAuts
     D:7: 544 daAuts
  Temple: 279 daAuts
    D:10: 36 daAuts
